 Dungeon Crawl Stone Soup version 0.28.0-49-g6dfe1f597d (webtiles) character file.

Game seed: 13570206206924311048

372 GigaChad the Shield-Bearer (level 6, -3/53 HPs)
             Began as a Minotaur Fighter on May 12, 2022.
             Slain by a two-headed ogre
             ... wielding a +0 giant club
              (10 damage)
             ... on level 5 of the Dungeon.
             The game lasted 00:09:35 (4265 turns).

GigaChad the Shield-Bearer (Minotaur Fighter)       Turns: 4265, Time: 00:09:36

Health: -3/53      AC: 15    Str: 21    XL:     6   Next: 43%
Magic:  5/5        EV:  3    Int:  5    God:
Gold:   299        SH: 13    Dex: 11    Spells: 5/5 levels left

rFire   . . .      SeeInvis .   a - +0 long sword
rCold   . . .      Faith    .   e - +0 tower shield
rNeg    . . .      Spirit   .   s - +0 plate armour
rPois   .          Reflect  .   (helmet restricted)
rElec   .          Harm     .   (no cloak)
rCorr   .          Rampage  .   (no gloves)
Will    .....                   w - +2 pair of boots
Stlth   ..........              (no amulet)
HPRegen 0.17/turn               (no ring)
MPRegen 0.09/turn               (no ring)

@: no status effects
A: horns 2, retaliatory headbutt
a: no special abilities


You were on level 5 of the Dungeon.
You visited 1 branch of the dungeon, and saw 5 of its levels.

You collected 299 gold pieces.

Inventory:

Hand Weapons
 a - a +0 long sword (weapon)
 m - a +0 flail of draining
Armour
 b - a +0 scale mail
 c - a +0 buckler
 e - a +0 tower shield (worn)
 s - a +0 plate armour (worn)
 v - a +0 plate armour
 w - a +2 pair of boots (worn)
Jewellery
 o - a ring of resist corrosion
Scrolls
 j - 4 scrolls of magic mapping {unknown}
 l - 4 scrolls of vulnerability {unknown}
 n - 2 scrolls of immolation {unknown}
 p - 3 scrolls of teleportation {unknown}
 q - a scroll of enchant armour {unknown}
 r - 4 scrolls of identify {unknown}
 u - 2 scrolls of fog {unknown}
 x - a scroll of noise {unknown}
 y - a scroll of blinking {unknown}
Potions
 d - a potion of might
 f - a potion of brilliance {unknown}
 g - 2 potions of curing {unknown}
 h - a potion of haste {unknown}
 i - a potion of magic {unknown}
 k - 2 potions of cancellation {unknown}
 t - a potion of degeneration {unknown}
 z - a potion of mutation {unknown}


   Skills:
 + Level 4.4 Fighting
 + Level 5.3 Long Blades
 + Level 5.1 Armour
 + Level 1.2 Dodging
 + Level 5.5 Shields


You had 5 spell levels left.
You didn't know any spells.
Your spell library contained the following spells:

 Spells                   Type           Power      Damage    Failure   Level
 Sublimation of Blood     Necr           0%         N/A       100%        2
 Wereblood                Tmut           0%         N/A       100%        2
 Summon Hydra             Summ           0%         N/A       100%        7


Dungeon Overview and Level Annotations

Branches:
Dungeon (5/15)
 Temple: D:4-7

Altars:
Makhleb

Shops:
D:3 ?   D:5 ?*

Annotations:
D:4 2 transporters, Psyclone's ghost, amateur OpTm


Innate Abilities, Weirdness & Mutations

You have a pair of horns on your head.
You reflexively headbutt those who attack you in melee.


Message History

You block the hound's attack. The hound barely misses you.
You block the adder's attack.
You slash the hound!
You kill the hound!
The adder bites you.
You are poisoned.
The adder poisons you! The adder bites you but does no damage.
You feel sick. The adder bites you but does no damage.
You barely miss the adder.
You feel sick. You block the adder's attack.
The adder bites you but does no damage.
You slash the adder! You headbutt the adder.
The adder is almost dead.
You feel sick.
You are no longer poisoned.
You block the adder's attack. x2
You miss the adder. Your headbutt misses the adder.
The adder is almost dead.
You block the adder's attack. The adder bites you but does no damage.
You hit the adder.
You kill the adder!
l - 4 scrolls labelled VEARIH REXILER (gained 1)
You see here an adder corpse.
You start resting.
A two-headed ogre comes into view. It is wielding two +0 giant clubs.
A two-headed ogre is nearby!
The two-headed ogre shouts in stereo!
You barely miss the two-headed ogre.
The two-headed ogre hits you with a +0 giant club! x2
You slash the two-headed ogre!
The two-headed ogre is lightly wounded.
You block the two-headed ogre's attack. The two-headed ogre barely misses you.
You slash the two-headed ogre! You headbutt the two-headed ogre!
The two-headed ogre is heavily wounded.
The two-headed ogre hits you but does no damage.
The two-headed ogre hits you with a +0 giant club!
* * * LOW HITPOINT WARNING * * *
You hit the two-headed ogre but do no damage.
The two-headed ogre is heavily wounded.
The two-headed ogre hits you with a +0 giant club!
You die...

#.....#.....#..#
.......
#............# ##
#......
#............##...
#......
...........⌠....⌠.
##.....
.............##...
#....#
...##....#.#.# ##
.....
.........#.†#+
...........##
......O@.#
..#.!.#.## #..##.#
.... ... .... ##..
... .... . ....
.#...


You could see a two-headed ogre.

Vanquished Creatures
  A water moccasin zombie (D:5)
  A water moccasin skeleton (D:4)
  2 hounds (D:5)
  Jessica (D:3)
  An iguana (D:5)
  5 adders
  An ufetubus (D:5)
  An adder skeleton (D:4)
  A worm (D:4)
  5 dart slugs
  7 orcs
  8 ball pythons
  4 bats
  6 endoplasms
  5 giant cockroaches
  7 goblins
  5 hobgoblins
  8 jackals
  7 kobolds
  2 quokkas (D:1)
  2 frilled lizards (D:1)
  4 rats
84 creatures vanquished.

Vanquished Creatures (others)
  6 plants (D:4)
6 creatures vanquished.

Grand Total: 90 creatures vanquished

Notes
Turn   | Place    | Note
-------+----------+-------------------------------------------
     0 | D:1      | GigaChad the Minotaur Fighter began the quest for the Orb.
     0 | D:1      | Reached XP level 1. HP: 19/19 MP: 0/0
   206 | D:1      | Reached XP level 2. HP: 26/26 MP: 1/1
   850 | D:1      | Reached XP level 3. HP: 26/33 MP: 2/2
  2263 | D:3      | Reached XP level 4. HP: 17/39 MP: 3/3
  2521 | D:3      | Noticed Jessica
  2528 | D:3      | Killed Jessica
  2574 | D:3      | Found a faded altar of an unknown god.
  2574 | D:3      | Noticed an eye of devastation
  2588 | D:3      | Noticed a floating eye
  2589 | D:3      | Noticed a shining eye
  2589 | D:3      | Noticed a floating eye
  2753 | D:3      | Found Lyraro's Magic Scroll Shop.
  3000 | D:4      | Reached XP level 5. HP: 43/46 MP: 4/4
  3019 | D:4      | Found a transporter.
  3019 | D:4      | Identified the +11 halberd of Watchfulness {chaos, rElec}
  3037 | D:4      | Reached skill level 1 in Dodging
  3054 | D:4      | Noticed Psyclone's ghost (amateur OpTm)
  3269 | D:4      | Found a transporter.
  3422 | D:4      | Found a burning altar of Makhleb.
  3550 | D:5      | Entered Level 5 of the Dungeon
  3669 | D:5      | Reached skill level 5 in Long Blades
  3669 | D:5      | Reached skill level 5 in Shields
  4056 | D:5      | Reached XP level 6. HP: 46/53 MP: 5/5
  4081 | D:5      | Found Oziuroutob's General Store.
  4147 | D:5      | Found Dunat's Magic Scroll Shop.
  4207 | D:5      | Reached skill level 5 in Armour
  4257 | D:5      | Noticed a two-headed ogre
  4265 | D:5      | Slain by a two-headed ogre

Illustrated notes

Levels and vault maps discovered:
D:1:      scummos_arrival_simple_crosswalls, layout_loops_cross,
          minmay_tiny_reverse_x
D:2:      layout_loops_cross
D:3:      layout_basic, serial_shops, nicolae_shop_statue_plus,
          hellmonk_ecumenical_altar_watching_god, item_on_display_a,
          uniq_jessica
D:4:      layout_basic, lightli_temple_of_fire, gammafunk_ghost_gnarly_gnolls,
          mrwooster_statue_mirror, hangedman_decor_riveting, uniq_edmund
D:5:      layout_cave_pools, serial_shops, kennysheep_mini,
          nicolae_shop_behind_doors, kennysheep_mini_moat, grunt_ministairs_4

Skill      XL: |  1  2  3  4  5  6 |
---------------+-------------------+-----
Shields        | 4 5 |  5.5
Long Blades    | 3 4 5 |  5.3
Armour         | 4 5 |  5.1
Fighting       | 4 |  4.4
Dodging        | 1 |  1.2

Action                   |  1- 3 |  4- 6 || total
-------------------------+-------+-------++-------
Melee: Long sword        |   106 |   113 ||   219
       Headbutt          |     9 |    13 ||    22
Armor: Scale mail        |    54 |    23 ||    77
       Plate armour      |       |    54 ||    54
Dodge: Dodged            |    34 |    27 ||    61
Block: Buckler           |     3 |       ||     3
       Tower shield      |    93 |   103 ||   196
